 Dungeon Crawl Stone Soup version 0.18.0-1-g0107ab7 (webtiles) character file.

49 Alarkh the Charmwright (level 3, -2/27 HPs)
             Began as a Mummy Skald on May 5, 2016.
             Slain by Natasha (3 damage)
             ... on level 2 of the Dungeon.
             The game lasted 00:01:50 (1284 turns).

Alarkh the Charmwright (Mummy Skald)                Turns: 1284, Time: 00:01:51

Health: -2/27      AC:  3    Str: 15    XL:     3   Next: 53%
Magic:  4/6        EV: 11    Int: 12    God:
Gold:   31         SH:  0    Dex: 11    Spells: 3 memorised, 2 levels left

rFire  x . .     SeeInvis .     a - +0 spear
rCold  + . .     Gourm    .     b - +0 leather armour
rNeg   + + +     Faith    .     (no shield)
rPois  ∞         Spirit   .     (no helmet)
rElec  .         Dismiss  .     (no cloak)
rCorr  .         Reflect  .     (no gloves)
SustAt .         Harm     .     (no boots)
MR     .....                    (no amulet)
Stlth  +.........               (no ring)
                                (no ring)

@: infused, not resistant to hostile enchantments, very unstealthy
A: no food or potions, fire vulnerability, cold resistance 1, negative energy
resistance 3, torment resistance, unbreathing
a: no special abilities


You were on level 2 of the Dungeon.
You were not hungry.

You visited 1 branch of the dungeon, and saw 2 of its levels.

You collected 31 gold pieces.

Inventory:

Hand Weapons
 a - a +0 spear (weapon)
Armour
 b - a +0 leather armour (worn)
Scrolls
 d - a scroll of enchant armour {unknown}
 e - a scroll of identify {unknown}
 f - 3 scrolls of remove curse {unknown}
 g - 2 scrolls of teleportation {unknown}
 h - a scroll of blinking {unknown}
 i - a scroll of immolation {unknown}
Books
 c - a book of Battle

   Spells                             Type                      Level
   a - Infusion                       Charms                       1
   b - Shroud of Golubria             Charms/Translocation         2
   c - Song of Slaying                Charms                       2
   d - Spectral Weapon                Hexes/Charms                 3
   e - Regeneration                   Charms/Necromancy            3
Miscellaneous
 j - a plain deck of wonders


   Skills:
 - Level 2.0 Fighting
 * Level 2.4 Polearms
 - Level 0.7 Armour
 - Level 0.7 Dodging
 + Level 2.5 Spellcasting
 + Level 2.8 Charms


You had 2 spell levels left.
You knew the following spells:

 Your Spells              Type           Power        Failure   Level  Hunger
a - Infusion              Chrm           #...         12%         1    N/A
b - Song of Slaying       Chrm           #.......     14%         2    N/A
c - Shroud of Golubria    Chrm/Tloc      #.........   28%         2    N/A

Dungeon Overview and Level Annotations

Branches:
Dungeon (2/15)

Altars:
Nemelex Xobeh
Ru

Annotations:
D:2 Natasha


Innate Abilities, Weirdness & Mutations

You do not eat or drink.
Your flesh is vulnerable to fire.
You are immune to poison.
Your flesh is cold resistant.
You are immune to negative energy.
You are immune to unholy pain and torment.
You can survive without breathing.


Message History

Unknown command.
You hit Natasha!
Natasha is heavily wounded.
Natasha claws you!
You closely miss Natasha.
Natasha is heavily wounded.
Natasha closely misses you.
You barely miss Natasha.
Natasha is heavily wounded.
Natasha claws you!
* * * LOW HITPOINT WARNING * * *
You are too injured to fight recklessly!
You miss Natasha.
Natasha is heavily wounded.
Natasha claws you!
* * * LOW HITPOINT WARNING * * *
You closely miss Natasha.
Natasha is heavily wounded.
Natasha claws you.
You die...

#### ### ####
##...# #.. ..#
#.....### #.#
##.# #.....h.#
#.# ##>.######
#.....#@#
#.###.........
##...##.#
#.##.....#####
##h#
#.###.......##
#. #..........##
# ########...#
..# ###.# ####.#
##+## ..##.#
##...## #
##.##.###.....##


You could see Natasha.

Vanquished Creatures
  A worm (D:1)
  A dart slug (D:2)
  3 giant geckos (D:1)
  3 ball pythons (D:1)
  4 giant cockroaches
  7 goblins
  3 hobgoblins (D:1)
  3 kobolds
  A quokka (D:2)
  6 bats
  3 giant newts (D:1)
  4 rats (D:1)
39 creatures vanquished.

Notes
Turn   | Place    | Note
--------------------------------------------------------------
     0 | D:1      | Alarkh the Mummy Skald began the quest for the Orb.
     0 | D:1      | Reached XP level 1. HP: 16/16 MP: 3/3
    80 | D:1      | Reached XP level 2. HP: 19/22 MP: 1/5
   512 | D:1      | Reached XP level 3. HP: 20/27 MP: 0/6
   516 | D:1      | Learned a level 2 spell: Song of Slaying
   519 | D:1      | Learned a level 2 spell: Shroud of Golubria
  1013 | D:2      | Found a sparkling altar of Nemelex Xobeh.
  1140 | D:2      | Found a sacrificial altar of Ru.
  1275 | D:2      | Noticed Natasha
  1283 | D:2      | HP: 1/27 [Natasha (7)]
  1284 | D:2      | Slain by Natasha

Skill      XL: |  1  2 |
---------------+-------+-----
Polearms       | 2 |  2.4
Fighting       | |  2.0
Armour         | |  0.7
Dodging        | |  0.7
Spellcasting   | |  2.5
Charms         | |  2.8

Action                   || total
-------------------------++-------
Melee: Spear             ||   134
 Cast: Infusion          ||    21
Armor: Leather armour    ||    28
Dodge: Dodged            ||    62
